 Dungeon Crawl Stone Soup version 0.27.1-33-g824d729ab1 (webtiles) character file.

Game seed: 4299710260184455315

33 unlimited1921 the Firebug (level 3, 0/26 HPs)
             Began as a Hill Orc Fire Elementalist on Dec 11, 2021.
             Slain by a crimson imp (4 damage)
             ... summoned by Natasha
             ... on level 2 of the Dungeon.
             The game lasted 00:07:00 (2576 turns).

unlimited1921 the Firebug (HOFE)                    Turns: 2576, Time: 00:07:03

Health: 0/26       AC:  3    Str: 11    XL:     3   Next: 29%
Magic:  0/5        EV: 12    Int: 15    God:
Gold:   68         SH:  0    Dex: 17    Spells: 2/5 levels left

rFire    . . .     SeeInvis .   g - +0 hand axe
rCold    . . .     Faith    .   (no shield)
rNeg     . . .     Spirit   .   f - +0 leather armour
rPois    .         Reflect  .   (no helmet)
rElec    .         Harm     .   (no cloak)
rCorr    .         Rampage  .   (no gloves)
Will     .....                  (no boots)
Stlth    ++........             (no amulet)
HPRegen  0.08/turn              j - +6 ring of dexterity
MPRegen  0.09/turn              (no ring)

@: no status effects
A: no striking features
a: no special abilities


You were on level 2 of the Dungeon.
You visited 1 branch of the dungeon, and saw 2 of its levels.

You collected 68 gold pieces.

Inventory:

Hand Weapons
 g - a +0 hand axe (weapon)
 i - a +0 short sword
Missiles
 b - 31 sling bullets
 e - 4 bolts
 l - 29 arrows
Armour
 a - a +0 robe
 c - a +0 ring mail
 f - a +0 leather armour (worn)
Jewellery
 j - a +6 ring of dexterity (left hand)
Wands
 k - a wand of charming (7)
Scrolls
 h - a scroll of noise {unknown}
Potions
 d - a potion of magic {unknown}


   Skills:
 + Level 0.5 Axes
 + Level 0.9 Armour
 + Level 1.7 Dodging
 + Level 1.8 Stealth
 + Level 1.9 Spellcasting
 + Level 1.3 Conjurations
 + Level 3.7 Fire Magic


You had 2 spell levels left.
You knew the following spells:

 Your Spells              Type           Power      Damage    Failure   Level
a - Foxfire               Conj/Fire      36%        2x1d5     11%         1
b - Blink                 Tloc           N/A        N/A       41%         2

Your spell library contained the following spells:

 Spells                   Type           Power      Damage    Failure   Level
 Conjure Flame            Conj/Fire      9%         6-21      30%         3
 Inner Flame              Hex/Fire       7%         N/A       38%         3
 Lesser Beckoning         Tloc           0%         N/A       65%         3
 Sticky Flame             Conj/Fire      9%         2d3       71%         4
 Fireball                 Conj/Fire      4%         3d4       96%         5
 Manifold Assault         Tloc           1%         N/A       100%        5


Dungeon Overview and Level Annotations

Branches:
Dungeon (2/15)

Altars:

Annotations:
D:2 Natasha


Message History

The bat hits you but does no damage.
You completely miss the bat.
The bat is moderately wounded.
The foxfire hits the bat.
You kill the bat!
The foxfire hits Natasha but does no damage.
Natasha casts a spell.
The quokka barely misses you.
Casting: Foxfire (safe; 11% risk of failure)
Confirm with . or Enter, or press ? or * to list all spells.
You conjure some foxfire!
The quokka misses you.
You closely miss the quokka.
The quokka is heavily wounded.
The foxfire hits the quokka but does no damage.
The quokka is heavily wounded.
The foxfire hits the quokka.
You kill the quokka!
Natasha barely misses you.
Casting: Foxfire (safe; 11% risk of failure)
Confirm with . or Enter, or press ? or * to list all spells.
You conjure some foxfire!
Natasha claws you but does no damage.
You hit Natasha but do no damage.
The foxfire hits Natasha.
Natasha is lightly wounded.
The foxfire hits Natasha but does no damage.
Natasha is lightly wounded.
The crimson imp blinks! x2; Natasha claws you but does no damage.
The crimson imp blinks!
Natasha stares at you and mumbles some strange words.
The magic dart hits you!
The crimson imp sputters.
Casting: Foxfire (safe; 11% risk of failure)
Confirm with . or Enter, or press ? or * to list all spells.
You conjure some foxfire!
Natasha claws you.
Your foxfire dissipates!
The foxfire hits the crimson imp.
The crimson imp completely resists.
Natasha casts a spell at you. The magic dart hits you!
* * * LOW HITPOINT WARNING * * *
The crimson imp hits you.
You die...

#............#
#..........#.#
#..........#.###
##....######...########
#.##..................
#.##..........########
#.##..........##
#.##.........5.# #
###.##..........@####
##.#
.##.####.#######§.h.###
..... .#..# ##.#
####..>#......
...####..# ###.....5..
#.......#######
##.#.....
..†####.#.....# <# ....
##.####..)....# ## ...
##......#.....# ..
#..##.#.#....<# .


You could see Natasha and a crimson imp (summoned).

Vanquished Creatures
  A dart slug (D:2)
  2 ball pythons (D:1)
  5 bats
  2 endoplasms (D:1)
  4 giant cockroaches
  4 goblins
  A kobold (D:2)
  2 quokkas (D:2)
  4 frilled lizards
  3 rats
28 creatures vanquished.

Vanquished Creatures (others)
  83 foxfires
83 creatures vanquished.

Grand Total: 111 creatures vanquished

Notes
Turn   | Place    | Note
-------+----------+-------------------------------------------
     0 | D:1      | unlimited1921 the Hill Orc Fire Elementalist began the
                  | quest for the Orb.
     0 | D:1      | Reached XP level 1. HP: 14/14 MP: 3/3
   162 | D:1      | Found a faded altar of an unknown god.
   596 | D:1      | Reached XP level 2. HP: 20/20 MP: 0/4
  1344 | D:1      | Learned a level 2 spell: Blink
  2111 | D:2      | Reached XP level 3. HP: 26/26 MP: 1/5
  2561 | D:2      | Noticed Natasha
  2576 | D:2      | Slain by a crimson imp

Illustrated notes

Levels and vault maps discovered:
D:1:      amcnicky_arrival_underground_garden, layout_loops_cross,
          hellmonk_ecumenical_altar_crossroads, kennysheep_nondescript,
          item_on_display_a
D:2:      layout_rooms, uniq_natasha

Action                   || total
-------------------------++-------
Melee: Hand axe          ||    14
 Cast: Foxfire           ||    48
Armor: Leather armour    ||    12
Dodge: Dodged            ||    13
